 Dungeon Crawl Stone Soup version 0.29.0-11-gd7f09526c8 (webtiles) character file.

Game seed: 17989697627181527662

125 Gabide the Sneak (level 5, -14/50 HPs)
             Began as a Naga Monk on Sept 2, 2022.
             Demolished by an ogre
             ... wielding a +0 giant club
              (29 damage)
             ... on level 4 of the Dungeon.
             The game lasted 00:09:42 (2707 turns).

Gabide the Sneak (Naga Monk)                        Turns: 2707, Time: 00:09:43

Health: -14/50     AC: 11    Str: 13    XL:     5   Next: 9%
Magic:  5/5        EV: 11    Int: 11    God:
Gold:   999        SH:  0    Dex: 15    Spells: 4/4 levels left

rFire   . . .      SeeInvis +   a - +2 rapier (protect)
rCold   . . .      Faith    .   (no shield)
rNeg    . . .      Spirit   .   g - +0 robe
rPois   +          Reflect  .   (no helmet)
rElec   .          Harm     .   q - +0 cloak
rCorr   .          Rampage  .   n - +0 pair of gloves
Will    .....                   (no barding)
Stlth   +++.......              (no amulet)
HPRegen 0.16/turn               (no ring)
MPRegen 0.09/turn               (no ring)

@: under a protective aura, very slow
A: AC +1, large, see invisible, deformed body, poison resistance, slowness 2,
spit poison 1, naga tail 1
a: Spit Poison


You were on level 4 of the Dungeon.
You visited 1 branch of the dungeon, and saw 4 of its levels.

You collected 999 gold pieces.

Inventory:

Hand Weapons
 a - a +2 rapier of protection (weapon)
 b - a +0 sling
 u - a +2 dagger of venom
 v - a +1 dagger of speed
Armour
 d - a scarf of resistance
 g - a +0 robe (worn)
 n - a +0 pair of gloves (worn)
 q - a +0 cloak (worn)
Scrolls
 f - a scroll of amnesia {unknown}
 h - a scroll of enchant weapon {unknown}
 m - a scroll of poison {unknown}
 p - a scroll of teleportation
 r - a scroll of fear {unknown}
 t - a scroll of blinking {unknown}
Potions
 c - 2 potions of ambrosia
 e - a potion of degeneration
 i - 2 potions of lignification
 j - 2 potions of mutation
 k - 2 potions of curing
 l - a potion of heal wounds {unknown}
 o - 2 potions of flight
 s - a potion of attraction {unknown}


   Skills:
 + Level 3.8 Fighting
 + Level 4.0 Short Blades
 + Level 3.1 Dodging
 + Level 4.1 Stealth


You had 4 spell levels left.
You didn't know any spells.
Your spell library contained the following spells:

 Spells                   Type           Power      Damage    Failure   Level
 Sublimation of Blood     Necr           0%         N/A       47%         2
 Wereblood                Tmut           0%         N/A       47%         2
 Gell's Gravitas          Tloc           0%         N/A       71%         3
 Lesser Beckoning         Tloc           0%         N/A       71%         3
 Teleport Other           Tloc           0%         N/A       71%         3
 Summon Hydra             Summ           0%         N/A       100%        7


Dungeon Overview and Level Annotations

Branches:
Dungeon (4/15)
 Temple: D:4-7

Altars:


Innate Abilities, Weirdness & Mutations

Your serpentine skin is tough. (AC +1)
You have supernaturally acute eyesight. (SInv)
Armour fits poorly on your strangely shaped body.
Your system is resistant to poisons. (rPois)
You cover ground very slowly.
You can spit poison.
You have a snake-like lower body.


Message History

There is a stone staircase leading up here.
Found 7 stones.
Found a stone staircase leading down.
Found a stone staircase leading up.
Found an escape hatch in the ceiling.
No target in view!
There is an escape hatch in the ceiling here.
Found a stone staircase leading up.
You now have 999 gold pieces (gained 14).
An ogre comes into view. It is wielding a +0 giant club.
The ogre shouts!
You hear a shout!
The splash of poison hits the ogre.
The ogre is lightly wounded.
Okay, then.
Okay, then.
Unknown command.
You have got your breath back.
Aiming: Spit Poison (1% risk of failure)
Press: ? - help, Q - select action Shift-Dir - straight line, f/p - ogre
Aim: an ogre, wielding a +0 giant club (lightly wounded, 81% to hit)
The splash of poison hits the ogre!
The ogre is poisoned.
The ogre is heavily wounded.
A hobgoblin comes into view.
You barely miss the ogre.
The ogre is heavily wounded.
The ogre hits you with a +0 giant club!
You barely miss the ogre.
The ogre is heavily wounded.
The hobgoblin shouts!
You hear a shout!
You hear an angry hiss.
You hit the ogre.
Your weapon exudes an aura of protection.
The ogre is severely wounded.
The ogre hits you with a +0 giant club!!
* * * LOW HITPOINT WARNING * * *
You hit the ogre.
The ogre is almost dead.
You have got your breath back.
The ogre hits you with a +0 giant club!!
Ouch! That really hurt!
You die...

#......####........
#.......<.#......##.
############............ #
.........<...............#
#############........##.$.
# ##............ #
#.........## #
###.........# #
#......@..### #####
#..#.....O.# ....#
...........# ###.<.#
.......#..?.g# # ..
......####...# ## ......
..... .### ..... ...#...
...# ..... .... .. ##<#
...## .


You could see an ogre (poisoned) and a hobgoblin.

Vanquished Creatures
  2 gnolls
  An adder (D:2)
  A worm (D:2)
  5 dart slugs
  3 ball pythons
  6 endoplasms
  5 giant cockroaches
  10 goblins
  7 hobgoblins
  13 jackals
  3 quokkas
  5 bats
  3 frilled lizards
  5 kobolds
  5 rats
74 creatures vanquished.

Notes
Turn   | Place    | Note
-------+----------+-------------------------------------------
     0 | D:1      | Gabide the Naga Monk began the quest for the Orb.
     0 | D:1      | Reached XP level 1. HP: 21/21 MP: 1/1
    88 | D:1      | Reached XP level 2. HP: 19/28 MP: 2/2
   433 | D:1      | Reached XP level 3. HP: 32/34 MP: 3/3
   477 | D:1      | Found a faded altar of an unknown god.
  1250 | D:2      | Reached XP level 4. HP: 27/42 MP: 4/4
  1377 | D:2      | Identified 2 scrolls of acquirement
  1377 | D:2      | Acquired a +2 rapier of protection
  1380 | D:2      | Acquired 767 gold pieces
  2455 | D:3      | Reached XP level 5. HP: 44/50 MP: 5/5
  2699 | D:4      | Noticed an ogre
  2707 | D:4      | Demolished by an ogre

Illustrated notes

Levels and vault maps discovered:
D:1:      kilobyte_arrival_exit_the_forest, layout_rooms,
          ebering_ecumenical_altar_abandoned, skrybe_limestone_x,
          dreamdust_princess_corridor
D:2:      layout_loops_ring
D:3:      minmay_chambers_of_twos, layout_rooms
D:4:      layout_rooms, palyth_stone_intersect, corexii_leaking_fountain,
          uniq_duvessa

Skill      XL: |  1  2  3  4  5 |
---------------+----------------+-----
Dodging        | 3 |  3.1
Stealth        | 4 |  4.1
Short Blades   | 4 |  4.0
Fighting       | |  3.8

Action                   |  1- 3 |  4- 6 || total
-------------------------+-------+-------++-------
Melee: Short sword       |    14 |       ||    14
       Dagger            |    40 |     1 ||    41
       Rapier            |       |    68 ||    68
 Abil: Spit Poison       |    32 |    33 ||    65
  Use: Scroll            |     2 |     6 ||     8
 Stab: Sleeping          |     3 |     1 ||     4
Armor: Robe              |    11 |    22 ||    33
Dodge: Dodged            |    21 |    35 ||    56
